 Dungeon Crawl Stone Soup version 0.30-b1-2-g02819fbbbe (webtiles) character file.

Game seed: 12336974030351304624

117806 erloom the Fencer (level 15, -11/141 HPs)
             Began as a Demigod Fighter on May 28, 2023.
             Killed from afar by a thorn hunter (35 damage)
             ... with a volley of thorns
             ... on level 3 of the Swamp.
             The game lasted 01:57:37 (37618 turns).

erloom the Fencer (Demigod Fighter)                Turns: 37618, Time: 01:57:38

Health: -11/141    AC: 21    Str: 15    XL:     15   Next: 76%
Magic:  27/27      EV: 22    Int: 10    God:
Gold:   830        SH:  8    Dex: 33    Spells: 22/24 levels left

rFire   + + +        R - +4 double sword (freeze)
rCold   + . .        c - +0 buckler
rNeg    + + .        u - +4 ring mail of Unambiguity {rElec Stlth+}
rPois   +            y - +1 helmet
rElec   +            T - scarf {rC+ rF+}
rCorr   .            f - +2 pair of gloves
SInv    .            e - +0 pair of boots
Will    +....        v - amulet of the acrobat
Stlth   ++           h - +4 ring of protection
HPRegen 0.43/turn    J - ring of Ympo {rPois rF+++ rN++ Str-2}
MPRegen 0.20/turn

%: acrobat
@: hasted, slow
A: high MP 1, forlorn, divine attributes
a: no special abilities


You were on level 3 of the Swamp.
You visited 4 branches of the dungeon, and saw 26 of its levels.
You also visited: Bailey.

You collected 3025 gold pieces.
You spent 2195 gold pieces at shops.

Inventory:

Hand Weapons
 D - a +3 falchion of holy wrath
 R - a +4 double sword of freezing (weapon)
 Y - the +9 lajatang "Geapomn" {spect, Fly rF- rCorr SInv}
   (You found it on level 1 of the Swamp)

   rF:        It makes you vulnerable to fire.
   SInv:      It lets you see invisible.
   Fly:       It grants you flight.
   rCorr:     It protects you from acid and corrosion.
Missiles
 C - 40 boomerangs (quivered)
 P - 2 throwing nets
 Q - a boomerang of dispersal
 W - 2 javelins
Armour
 c - a +0 buckler (worn)
 e - a +0 pair of boots (worn)
 f - a +2 pair of gloves (worn)
 u - the +4 ring mail of Unambiguity (worn) {rElec Stlth+}
   (You found it on level 3 of the Dungeon)

   rElec:     It insulates you from electricity.
   Stlth:     It makes you more stealthy.
 y - a +1 helmet (worn)
 T - a scarf of resistance (worn)
Magical Staves
 G - a staff of cold
Jewellery
 d - a +5 ring of evasion
 h - a +4 ring of protection (left hand)
 k - an amulet of magic regeneration
 t - a +4 ring of protection
 v - an amulet of the acrobat (around neck)
 J - the ring of Ympo (right hand) {rPois rF+++ rN++ Str-2}
   (You bought it in a shop on level 6 of the Dungeon)

   [ring of poison resistance]

   Str:       It affects your strength (-2).
   rF:        It renders you almost immune to fire.
   rPois:     It protects you from poison.
   rN:        It greatly protects you from negative energy.
 M - the ring "Duly" {Will+ rCorr}
   (You bought it in a shop on level 8 of the Dungeon)

   [ring of willpower]

   rCorr:     It protects you from acid and corrosion.
   Will:      It increases your willpower.
Wands
 r - a wand of digging (7)
 I - a wand of iceblast (1)
 O - a wand of quicksilver (1)
 V - a wand of flame (38)
 Z - a wand of charming (18)
Scrolls
 a - 2 scrolls of identify
 i - 5 scrolls of enchant armour
 l - 6 scrolls of fog
 o - 4 scrolls of immolation
 q - 2 scrolls of silence
 w - 3 scrolls of teleportation
 x - 6 scrolls of amnesia
 B - 5 scrolls of fear
 E - 2 scrolls of butterflies
 H - 4 scrolls of magic mapping
 U - 8 scrolls of poison
 X - a scroll of blinking
Potions
 g - 6 potions of mutation
 j - a potion of brilliance
 m - 5 potions of cancellation
 n - 16 potions of curing
 p - 7 potions of heal wounds
 s - 10 potions of flight
 z - a potion of invisibility
 A - 2 potions of lignification
 F - 3 potions of might
 K - 10 potions of ambrosia
 L - 5 potions of haste
 N - a potion of magic
 S - 3 potions of resistance
Miscellaneous
 b - a tin of tremorstones (1/2)


   Skills:
 + Level 15.3 Fighting
 - Level 17.0 Long Blades
 - Level 8.0 Throwing
 - Level 6.0 Armour
 + Level 10.9 Dodging
 - Level 4.0 Stealth
 - Level 5.0 Shields
 + Level 5.3 Spellcasting
 + Level 5.4 Translocations
 - Level 5.0 Evocations


You had 22 spell levels left.
You knew the following spells:

 Your Spells              Type           Power      Damage    Failure   Level
a - Blink                 Tloc           26%        N/A       9%          2

Your spell library contained the following spells:

 Spells                   Type           Power      Damage    Failure   Level
 Beastly Appendage        Tmut           4%         N/A       47%         1
 Foxfire                  Conj/Fire      8%         2x1d4     47%         1
 Kiss of Death            Conj/Necr      8%         2d6       47%         1
 Magic Dart               Conj           8%         1d3       47%         1
 Necrotise                Necr           8%         1d4       47%         1
 Shock                    Conj/Air       8%         1d3       47%         1
 Summon Small Mammal      Summ           8%         N/A       47%         1
 Manifold Assault         Tloc           13%        N/A       50%         4
 Passage of Golubria      Tloc           13%        N/A       50%         4
 Ensorcelled Hibernation  Hex/Ice        4%         N/A       63%         2
 Passwall                 Tmut/Erth      1%         N/A       63%         2
 Scorch                   Fire           4%         2d5       63%         2
 Searing Ray              Conj           4%         2d4       63%         2
 Static Discharge         Conj/Air       4%         2-3/arc   63%         2
 Wereblood                Tmut           2%         N/A       63%         2
 Call Canine Familiar     Summ           2%         N/A       85%         3
 Confusing Touch          Hex            2%         N/A       85%         3
 Hailstorm                Conj/Ice       2%         3d3       85%         3
 Inner Flame              Hex/Fire       2%         N/A       85%         3
 Spider Form              Tmut/Pois      2%         N/A       85%         3
 Summon Guardian Golem    Hex/Summ       2%         N/A       85%         3
 Swiftness                Air            2%         N/A       85%         3
 Tukima's Dance           Hex            2%         N/A       85%         3
 Vampiric Draining        Necr           2%         2d6       85%         3
 Airstrike                Air            1%         2d(1-17)  99%         4
 Dispel Undead            Necr           2%         3d7       99%         4
 Flame Wave               Conj/Fire      2%         2d4       99%         4
 Fulminant Prism          Conj/Hex       1%         3d5       99%         4
 Ice Form                 Ice/Tmut       2%         N/A       99%         4
 Sticky Flame             Conj/Fire      2%         2d3       99%         4
 Summon Lightning Spire   Summ/Air       2%         N/A       99%         4
 Summon Forest            Summ/Tloc      4%         N/A       99%         5
 Agony                    Necr           2%         N/A       100%        5
 Alistair's Intoxication  Tmut/Pois      1%         N/A       100%        5
 Borgnjor's Vile Clutch   Necr/Erth      1%         N/A       100%        5
 Fireball                 Conj/Fire      1%         3d3       100%        5
 Iskenderun's Battlesphe  Conj           2%         2d6       100%        5
 Yara's Violent Unravell  Hex/Tmut       1%         3d3       100%        5
 Eringya's Noxious Bog    Tmut/Pois      1%         N/A       100%        6
 Iron Shot                Conj/Erth      1%         9d1       100%        6
 Plasma Beam              Fire/Air       1%         2x1d12    100%        6
 Simulacrum               Ice/Necr       1%         N/A       100%        6
 Starburst                Conj/Fire      1%         6d3       100%        6
 Summon Cactus Giant      Summ           1%         N/A       100%        6
 Spellforged Servitor     Conj/Summ      1%         N/A       100%        7
 Storm Form               Tmut/Air       1%         N/A       100%        7
 Summon Hydra             Summ           1%         N/A       100%        7
 Maxwell's Capacitive Co  Air            1%         ∞         100%        8


Dungeon Overview and Level Annotations

Branches:
Dungeon (15/15)            Temple (0/1) D:5            Lair (5/5) D:9
  Swamp (4/4) Lair:3        Snake (0/4) Lair:2        Slime (0/5) Lair:5
    Orc (2/2) D:9             Elf (0/3) Orc:2        Vaults (0/5) D:13
 Depths (0/4) D:15         Bailey (visited)

Shops:
D:4 (   D:6 =   D:8 *   D:11 =   D:13 *   D:14 *   Orc:1 =   Orc:2 [*:(

Annotations:
D:10 exclusions: rust devil and troll
D:14 exclusions: boulder beetle and centaur warrior, Roxanne
Lair:2 exclusion: minotaur
Lair:4 exclusion: hydra
Lair:5 2 runed translucent doors, KineticRobot's ghost, journeyman MiFi
Swamp:3 exclusion: thorn hunter
Orc:2 exclusions: ettin and 1 more exclusion


Innate Abilities, Weirdness & Mutations

You have an increased reservoir of magic. (+10% MP)
You shall have no god before yourself.
Your divine heritage dramatically boosts your attributes as you level up.


Message History

The thorn hunter fires a volley of thorns at you.
The volley of thorns hits you!!
You closely miss the thorn hunter.
The thorn hunter is severely damaged.
The thorn hunter fires a volley of thorns at you.
The volley of thorns misses you.
Your unstable footing causes you to fumble your attack.
The thorn hunter fires a volley of thorns at you.
The volley of thorns misses you.
Your unstable footing causes you to fumble your attack.
The thorn hunter hits you but does no damage. x2
Your unstable footing causes you to fumble your attack.
You barely miss the thorn hunter.
The thorn hunter is severely damaged.
The thorn hunter barely misses you.
The thorn hunter hits you but does no damage.
You barely miss the thorn hunter.
The thorn hunter is severely damaged.
The thorn hunter fires a volley of thorns at you.
The volley of thorns hits you!!!
* * * LOW HITPOINT WARNING * * *
You feel much better. The thorn hunter completely misses you.
You block the thorn hunter's attack.
Unknown command.
Unknown command.
Okay, then.
Okay, then.
You feel yourself speed up.
The thorn hunter fires a volley of thorns at you.
The volley of thorns misses you. You block the thorn hunter's attack.
The thorn hunter hits you!
* * * LOW HITPOINT WARNING * * *
Unknown command.
Your unstable footing causes you to fumble your attack.
Unknown command.
You hit the thorn hunter but do no damage.
The thorn hunter is severely damaged.
The thorn hunter fires a volley of thorns at you.
The volley of thorns hits you!!
You die...

♣.♣ ♣... ♣.♣.. ♣ ♣ ♣♣.♣
♣♣)♣♣ ♣.~.~ ♣~.♣.♣♣..♣
♣.~.♣♣♣ ♣♣♣♣.~~.
♣......~♣♣♣♣.~~~.♣♣♣..~..~.
♣~.)~.~♣♣~.~§~.~..~~~~..~
♣♣♣♣♣.~.♣~.~~~~~~~~.~~.~~
♣♣~..>~~..~~~~..♣~.~~
♣.~§f..§..~.~†.~..~~
♣♣§@♣.~~.~♣♣.~~~.~~~
♣~...~~~~~~~~~~.~~♣
♣♣.~~~~...~...§..>~.
♣.~~)♣~.~.^...~.~~§♣
♣♣.~~~~.~.~~♣.~~~~~~
♣.~~~.~~~~~~~~~.~~.
♣.~..~~~~~~~~♣~.~~.
♣.~~~.~~~~~..~~~♣~~
♣~~~~~.~.~..~~~~.~.


You could see a thorn hunter.

Vanquished Creatures
  Kirke (D:14)
  An orc warlord (Orc:2)
  3 bunyips
  5 eleionomae
  2 fire dragons
  Josephine (Orc:1)
  8 hydras
  A rakshasa (D:14)
  5 vault guards (D:13)
  Erolcha (D:12)
  4 alligators
  An ogre mage (D:15)
  3 centaur warriors (D:14)
  5 boulder beetles
  10 two-headed ogres
  Urug (Lair:5)
  4 orc high priests
  4 death yaks
  Sonja (Orc:2)
  4 skysharks
  4 skeletal warriors (D:15)
  A goliath frog (Swamp:2)
  3 bog bodies
  4 spriggan druids
  2 wizards (D:15)
  4 swamp dragons
  A lindwurm (Lair:2)
  3 deep elf pyromancers
  A necromancer (D:15)
  2 wolf spiders (Lair:5)
  5 orc knights
  A salamander (Lair:3)
  4 orc sorcerers
  4 cyclopes
  2 will-o-the-wisps (Swamp:1)
  5 ugly things
  2 naga magi (D:15)
  2 centaur zombies (D:15)
  2 manticores
  9 elephants
  8 black mambas
  Joseph (Lair:1)
  An ice statue (Lair:4)
  A guardian serpent (Lair:5)
  3 centaur skeletons (D:15)
  4 torpor snails (Lair:2)
  13 cane toads
  An unseen horror (D:11)
  A gargoyle (D:14)
  2 rime drakes
  A kobold demonologist (D:11)
  A komodo dragon (Lair:1)
  2 ice devils (Lair:4)
  10 polar bears
  A queen bee (Lair:1)
  5 tyrant leeches
  5 hornets
  5 trolls
  2 raiju (Lair:5)
  29 blink frogs
  Grinder (D:5)
  12 slime creatures
  2 shadows
  3 water elementals
  A centaur simulacrum (D:11)
  A spriggan (Swamp:3)
  14 wyverns
  5 wraiths
  25 yaks
  Eustachio (D:5)
  4 basilisks
  3 steam dragons
  3 hogs
  8 vampire mosquitoes
  A harpy simulacrum (Lair:4)
  6 swamp worms
  15 hell hounds (Lair:5)
  10 wargs
  An acid dragon (D:9)
  17 water moccasins
  An ice beast (D:7)
  30 orc warriors
  A swamp drake (Swamp:2)
  14 black bears
  2 sky beasts (D:7)
  6 ogres
  24 wolves
  4 centaurs
  A kobold brigand (D:9)
  A phantom (D:6)
  13 bullfrogs
  2 cane toad simulacra (Lair:4)
  12 scorpions
  2 gnoll sergeants
  3 wights (D:9)
  34 killer bees
  4 howler monkeys
  6 electric eels
  2 jellies
  A lava snake (Lair:3)
  7 hounds
  7 orc priests
  Terence (D:1)
  4 iguanas
  16 orc wizards
  A spriggan simulacrum (Lair:4)
  A polar bear simulacrum (Lair:4)
  A howler monkey zombie (D:4)
  11 gnolls
  8 adders
  2 naga simulacra (Lair:4)
  2 shadow imps
  An ufetubus (D:6)
  3 adder zombies (D:4)
  8 dart slugs
  3 worms
  59 orcs
  7 endoplasms
  5 giant cockroaches
  7 goblins
  6 hobgoblins
  8 jackals
  2 quokkas (D:1)
  5 ball pythons
  5 bats
  3 frilled lizards
  23 kobolds
  A quokka zombie (D:4)
  5 rats
  2 butterflies
732 creatures vanquished.

Vanquished Creatures (others)
  A spriggan (Swamp:2)
  A goliath frog (Swamp:2)
  3 bloated husks
  A hornet (Swamp:2)
  A yak (Lair:4)
  A swamp drake (Swamp:2)
  A bush (Lair:3)
  5 foxfires (Swamp:1)
  82 fungi
  190 plants
286 creatures vanquished.

Grand Total: 1018 creatures vanquished

Notes
Turn   | Place    | Note
-------+----------+-------------------------------------------
     0 | D:1      | erloom the Demigod Fighter began the quest for the Orb.
     0 | D:1      | Reached XP level 1. HP: 18/18 MP: 3/3
    48 | D:1      | Reached skill level 2 in Long Blades
   246 | D:1      | Reached XP level 2. HP: 18/25 MP: 4/4
   473 | D:1      | Reached skill level 3 in Long Blades
  1092 | D:2      | Reached XP level 3. HP: 27/30 MP: 5/5
  1142 | D:2      | Noticed Terence
  1178 | D:1      | Killed Terence
  1262 | D:1      | Reached skill level 4 in Long Blades
  1302 | D:2      | Reached XP level 4. HP: 37/37 MP: 6/6
  1954 | D:3      | Found a transporter.
  1970 | D:3      | Found a transporter.
  2064 | D:3      | Identified the +4 ring mail of Unambiguity {rElec Stlth+}
  2407 | D:4      | Reached skill level 5 in Long Blades
  2416 | D:4      | Reached XP level 5. HP: 29/42 MP: 5/7
  3148 | D:4      | Found Fugrael's Antique Weapon Shoppe.
  3446 | D:5      | Entered Level 5 of the Dungeon
  3456 | D:5      | Noticed Grinder
  3464 | D:5      | Paralysed by Grinder for 5 turns
  3484 | D:5      | Paralysed by Grinder for 2 turns
  3488 | D:5      | Killed Grinder
  3489 | D:5      | Reached skill level 6 in Long Blades
  3489 | D:5      | Reached XP level 6. HP: 16/50 MP: 3/8
  3634 | D:5      | Noticed Eustachio
  3774 | D:5      | Reached skill level 7 in Long Blades
  3872 | D:5      | Found a runed translucent door.
  3874 | D:5      | Found a runed translucent door.
  3875 | D:5      | Noticed a vampire mosquito
  3875 | D:5      | Noticed a vampire mosquito
  4030 | D:5      | Noticed a water moccasin
  4231 | D:4      | Bought a runed falchion for 138 gold pieces
  4337 | D:6      | Reached XP level 7. HP: 56/56 MP: 9/9
  4443 | D:6      | Reached skill level 1 in Dodging
  4523 | D:6      | Found Ughu's Jewellery Shoppe.
  5429 | D:7      | Reached skill level 8 in Long Blades
  5429 | D:7      | Reached XP level 8. HP: 63/63 MP: 10/10
  5506 | D:7      | Reached skill level 5 in Shields
  5518 | D:7      | Reached skill level 9 in Long Blades
  5714 | D:7      | Found a flagged portal.
  5738 | Bailey   | Entered a bailey
  5748 | Bailey   | Noticed an orc knight
  6746 | D:8      | Reached XP level 9. HP: 67/71 MP: 9/11
  6862 | D:8      | Found Dicvoitum's Assorted Antiques.
  6868 | D:8      | Bought a scroll of identify for 56 gold pieces
  6868 | D:8      | Bought a scintillating amber ring for 140 gold pieces
  6868 | D:8      | Identified the ring "Duly" {Will+ rCorr} (You bought it in
                  | a shop on level 8 of the Dungeon)
  6928 | D:8      | Reached skill level 1 in Evocations
  7139 | D:8      | Reached skill level 1 in Stealth
  7606 | D:5      | Killed Eustachio
  7967 | D:5      | Found a staircase to the Ecumenical Temple.
  8307 | D:9      | Found a staircase to the Orcish Mines.
  8383 | D:9      | Reached skill level 10 in Long Blades
  8467 | D:9      | Noticed a two-headed ogre
  8490 | D:9      | Noticed a two-headed ogre
  8696 | D:9      | Noticed a green ugly thing
  8728 | D:10     | Entered Level 10 of the Dungeon
  8916 | D:10     | Reached skill level 5 in Fighting
  8945 | D:10     | Noticed a two-headed ogre
  8960 | D:10     | Identified a scroll of acquirement
  8961 | D:10     | Acquired a manual of Long Blades
  9558 | D:10     | Noticed a rust devil
  9724 | D:10     | Noticed a manticore
  9740 | D:10     | Killed a manticore
  9741 | D:10     | Reached XP level 10. HP: 73/81 MP: 10/13
  9795 | D:9      | Reached skill level 5 in Dodging
 10066 | D:9      | Killed a two-headed ogre
 10067 | D:9      | Reached skill level 11 in Long Blades
 10156 | D:9      | Found a staircase to the Lair.
 10300 | D:9      | Killed a two-headed ogre
 10315 | D:9      | Reached skill level 5 in Evocations
 10492 | D:9      | Reached skill level 12 in Long Blades
 10518 | D:9      | Killed a green ugly thing
 10621 | Lair:1   | Entered Level 1 of the Lair of Beasts
 10820 | Lair:1   | Noticed Joseph
 10847 | Lair:1   | Killed Joseph
 11452 | Lair:1   | Reached XP level 11. HP: 75/92 MP: 12/14
 11553 | Lair:1   | Reached skill level 13 in Long Blades
 13135 | Lair:2   | Reached skill level 14 in Long Blades
 13154 | Lair:2   | Noticed a skyshark
 13240 | Lair:2   | Noticed a skyshark
 13538 | Lair:2   | Killed a skyshark
 13742 | Lair:2   | Noticed a lindwurm
 13954 | Lair:2   | Reached skill level 1 in Throwing
 14081 | Lair:2   | Found a runed translucent door.
 14783 | Lair:3   | Noticed a seven-headed hydra
 15152 | Lair:3   | Noticed a skyshark
 15177 | Lair:3   | Killed a skyshark
 15178 | Lair:3   | Reached XP level 12. HP: 90/106 MP: 11/15
 15323 | Lair:3   | Reached skill level 10 in Fighting
 15588 | Lair:3   | Found a staircase to the Swamp.
 15855 | D:6      | Bought the ring of Ympo {rPois rF+++ rN++ Str-2} for 887
                  | gold pieces
 16111 | Lair:2   | Found a staircase to the Snake Pit.
 16684 | Lair:2   | Noticed a minotaur
 16965 | Lair:3   | Noticed a boulder beetle
 17475 | Lair:5   | Entered Level 5 of the Lair of Beasts
 18292 | Lair:2   | Killed a boulder beetle
 18293 | Lair:2   | Reached skill level 5 in Throwing
 18532 | Lair:4   | Noticed a five-headed hydra
 19166 | D:11     | Found Hometem's Jewellery Boutique.
 19177 | D:11     | Noticed a boulder beetle
 19288 | D:11     | Killed a boulder beetle
 19907 | D:11     | Reached skill level 5 in Armour
 20349 | D:12     | You fall into a shaft and drop 3 floors!
 20349 | D:15     | Entered Level 15 of the Dungeon
 20459 | D:14     | Noticed a boulder beetle
 20459 | D:14     | Noticed a centaur warrior
 20473 | D:14     | Identified Roxanne's Folio of the Plateau
 20473 | D:14     | Noticed Roxanne
 20477 | D:14     | Noticed Kirke
 20501 | D:15     | Reached XP level 13. HP: 96/116 MP: 14/16
 21028 | D:12     | Noticed Erolcha
 21038 | D:12     | Killed Erolcha
 24750 | Lair:5   | Reached skill level 15 in Long Blades
 25226 | Lair:5   | Noticed Urug
 25268 | Lair:5   | Killed Urug
 25273 | Lair:5   | Found a large runed translucent door.
 25273 | Lair:5   | Found a large runed translucent door.
 25652 | Lair:5   | Found a staircase to the Slime Pits.
 25776 | Lair:5   | Reached XP level 14. HP: 107/127 MP: 13/17
 25838 | Lair:5   | Noticed KineticRobot's ghost (journeyman MiFi)
 26438 | Lair:5   | Reached skill level 16 in Long Blades
 27518 | Orc:1    | Entered Level 1 of the Orcish Mines
 27632 | Orc:1    | Found Efiada's Jewellery Shop.
 28007 | Orc:2    | Entered Level 2 of the Orcish Mines
 28007 | Orc:2    | Noticed Sonja
 28025 | Orc:2    | Killed Sonja
 28395 | Orc:2    | Found Amnyikka's Antique Armour Boutique.
 29911 | Orc:2    | Noticed an orc warlord
 29951 | Orc:2    | Killed an orc warlord
 30152 | Orc:2    | Noticed Josephine
 30157 | Orc:2    | Bought a scorched ring mail for 252 gold pieces
 30157 | Orc:2    | Identified the +0 ring mail of Mezcal {Slay+2} (You bought
                  | it in a shop on level 2 of the Orcish Mines)
 30180 | Orc:1    | Killed Josephine
 30455 | Orc:2    | Found Ozyoses's General Store.
 30477 | Orc:2    | Found a staircase to the Elven Halls.
 30622 | Orc:2    | Paralysed by an orc sorcerer for 2 turns
 30785 | Orc:2    | Found Puha's Book Boutique.
 31035 | Orc:2    | Found Mufofen's Antique Weapon Shop.
 31766 | D:13     | Found Ryutzuah's General Store.
 31770 | D:13     | Bought a scroll of identify for 36 gold pieces
 31770 | D:13     | Bought an Inescapable Atlas for 576 gold pieces
 31776 | D:13     | Reached skill level 17 in Long Blades
 31780 | D:13     | Learned a level 2 spell: Blink
 32275 | D:13     | Reached skill level 1 in Spellcasting
 32275 | D:13     | Reached skill level 1 in Translocations
 32378 | D:13     | Found a gate to the Vaults.
 32596 | D:14     | Killed Kirke
 32812 | D:14     | Found Zasaaqa's General Store.
 32820 | D:14     | Bought a potion of haste for 110 gold pieces
 33373 | D:15     | Reached XP level 15. HP: 82/139 MP: 22/22
 33727 | D:15     | Found a staircase to the Depths.
 34085 | D:15     | Reached skill level 10 in Dodging
 35088 | Lair:4   | Identified the +0 halberd of Triumph {flame, rN++ Will+}
 35416 | Swamp:1  | Entered Level 1 of the Swamp
 35739 | Swamp:1  | Identified the +9 lajatang "Geapomn" {spect, Fly rF- rCorr
                  | SInv}
 36011 | Swamp:1  | Reached skill level 15 in Fighting
 36101 | Swamp:1  | Reached skill level 5 in Translocations
 36584 | Swamp:2  | Reached skill level 5 in Spellcasting
 36969 | Swamp:3  | Noticed a thorn hunter
 37441 | Swamp:4  | Entered Level 4 of the Swamp
 37618 | Swamp:3  | Killed from afar by a thorn hunter

Illustrated notes

Levels and vault maps discovered:
D:1:      minmay_arrival_wavy_path, layout_basic, minmay_pentomino_o2
D:2:      layout_rooms, st_stairs_9, uniq_terence
D:3:      gammafunk_steamed_eel, layout_basic, nrook_campfire
D:4:      layout_basic, mainiacjoe_overflow_cross_hatched,
          nicolae_yredelemnul_corpse_copse, okawaru_altar_gauntlet_db,
          serial_shops, shop
D:5:      lemuel_insect_pit, layout_basic, minmay_temple_entry_hall,
          corner_web_ring, uniq_eustachio, uniq_grinder
D:6:      layout_basic, kennysheep_windowed_goal
D:7:      minmay_spotlight, layout_loops_ring, mainiacjoe_overflow_swirl,
          nicolae_ashenzari_skybound, enter_bailey_4, minmay_misc_feat_square,
          kennysheep_generic_room_8
D:8:      layout_loops_cross, eat_drink_and_be_merry_uskayaw, serial_shops,
          nicolae_shop_crystal
D:9:      nicolae_hitomezashi [nicolae_hito_row, nicolae_hito_row,
          nicolae_hito_row, nicolae_hito_row, nicolae_hito_row,
          nicolae_hito_row, nicolae_hito_row, nicolae_hito_row,
          nicolae_hito_row, nicolae_hito_row, nicolae_hito_row,
          nicolae_hito_row, nicolae_hito_row, nicolae_hito_row,
          nicolae_hito_row, nicolae_hito_row, nicolae_hito_row,
          nicolae_hito_row], layout_rooms, nicolae_gozag_seed_capital,
          grunt_lair_entry_orc_guard_hut, orc_0_dummy
D:10:     layout_basic, mainiacjoe_overflow_brackets,
          mainiacjoe_overflow_six_doors_small, demons_altar,
          grunt_qazlal_sundering
D:11:     layout_loops_ring, serial_shops, shop
D:12:     layout_rooms, uniq_erolcha
D:13:     layout_basic, erik_vaults_2, serial_shops, nicolae_shop_trees
D:14:     layout_roguey, serial_bayou_lagoon_a, serial_shops, shop,
          minmay_misc_feat_chi, uniq_kirke, uniq_roxanne
D:15:     grunt_enter_depths_magical_seal, layout_loops_cross,
          nicolae_elyvilon_temple_path, minivault_16, roderic_roman_lattice
Lair:1:   layout_gridlike, special_room [special_room_bee],
          serial_bayou_shore_a, uniq_joseph
Lair:2:   dreamdust_labyrinth, layout_gridlike, dummy_snake_entry,
          kennysheep_snail_temple, lemuel_fruit_fields
Lair:3:   dragon1_lemuel, layout_hall_layers, swamp_mist,
          infiniplex_staircase_pool_2
Lair:4:   dreamdust_isle_of_ice, layout_misc_corridors, serial_bayou,
          serial_bayou_crossing, serial_bayou_lagoon_b, serial_bayou_ford_a,
          serial_bayou_pond_e, beast_lair_carwin_4
Lair:5:   hangedman_lair_tendril_chambers, layout_regular_city,
          hangedman_lair_caniforms_friends, slime_entry_1,
          ebering_ghost_disaster_area, basic_altar, minivault_19, uniq_urug
Swamp:1:  layout_basic_swamp, evilmike_swamp_ruin_house_6
Swamp:2:  layout_falls_marsh, nicolae_swamp_tree_isthmus
Swamp:3:  layout_falls_marsh, evilmike_swamp_ruin_rubble_1, swamp_pool1
Swamp:4:  swamp_icy, layout_basic_swamp
Orc:1:    layout_caves, serial_shops, shop
Orc:2:    grunt_orc_gardens, layout_diamond_mine, grunt_orc_garden,
          grunt_orc_garden, grunt_orc_garden, grunt_orc_garden, basic_altar,
          nicolae_orc_lava_room, uniq_sonja, uniq_josephine

Skill      XL: |  1  2  3  4  5  6  7  8  9 10 11 12 13 14 15 |
---------------+----------------------------------------------+-----
Long Blades    | 2 3 4 5 6 7 8 9 10 12 14 15 17 | 17.0
Fighting       | 3 5 7 9 11 12 14 15 | 15.3
Armour         | 3 5 6 |  6.0
Dodging        | 3 4 5 6 8 9 10 | 10.9
Shields        | 3 5 |  5.0
Evocations     | 3 5 |  5.0
Stealth        | 2 4 |  4.0
Throwing       | 3 5 8 |  8.0
Spellcasting   | 2 5 |  5.3
Translocations | 2 5 |  5.4

Action                     |  1- 3 |  4- 6 |  7- 9 | 10-12 | 13-15 || total
---------------------------+-------+-------+-------+-------+-------++-------
  Melee: Long sword        |   108 |   224 |       |       |       ||   332
         Falchion          |       |     6 |   496 |  1286 |  1696 ||  3484
         Double sword      |       |       |       |       |   500 ||   500
         Unarmed           |       |       |       |       |     4 ||     4
  Throw: Boomerang         |       |       |     1 |    46 |   177 ||   224
  Evoke: Wand              |       |       |     3 |    13 |     5 ||    21
         Tin of tremorston |       |       |       |       |     1 ||     1
    Use: Potion            |     1 |     2 |     1 |       |     4 ||     8
         Scroll            |       |     7 |     8 |     6 |    23 ||    44
   Stab: Sleeping          |       |     5 |     1 |     6 |     6 ||    18
         Invisible         |       |       |     3 |       |       ||     3
         Distracted        |       |       |       |       |     2 ||     2
         Confused          |       |       |       |       |     1 ||     1
 Armour: Scale mail        |    63 |    23 |       |       |       ||    86
         Ring mail         |       |    76 |   201 |   333 |   512 ||  1122
  Dodge: Dodged            |    59 |    91 |   251 |   629 |  1306 ||  2336
  Block: Buckler           |    34 |    37 |   136 |   334 |   626 ||  1167
